Map: Traitor's Exile

Players

handynate

  • Race: Zerg Zerg
  • Spawn Location: 12:00

BUICK

  • Race: Protoss Protoss
  • Spawn Location: 9:00

Throwfordays - Winner!

  • Race: Protoss Protoss
  • League: Silver
  • Spawn Location: 5:00

Cthulhu - Winner!

  • Race: Terran Terran
  • Spawn Location: 6:00

VOD

Have the link to the VOD?

Description

Time

  • Played on: March 24, 2019, 9:19 p.m.
  • Length: 13:47
Show
View Real Time Build Order
Export as new Build Order

handynate Zerg 

Build Orders: Pool First 

Get SALT Encoding   

  12  0:10  Overlord  
  12  0:16  Drone  
  13  0:22  Drone  
  14  0:37  Extractor  
  14  0:40  Drone x2  
  15  0:50  Spawning Pool  
  14  0:57  Drone  
  14  1:00  Drone  
  16  1:24  Overlord x2  
  16  1:32  Drone  
  17  1:37  Queen  
  19  1:48  Drone x2  
  21  2:03  Drone  
  22  2:10  Overlord  
  22  2:12  Queen  
  24  2:22  Overlord  
  24  2:31  Roach Warren  
  23  2:37  Extractor  
  22  2:46  Drone  
  22  2:47  Drone  
  24  2:58  Zergling x2  
  24  2:59  Zergling x4  
  24  3:02  Metabolic Boost  
  27  3:09  Evolution Chamber  
  26  3:17  Evolution Chamber  
  25  3:36  Lair  
  25  3:49  Drone  
  25  3:53  Zergling x4  
  28  3:57  Zerg Melee Weapons Level 1  
  28  3:59  Hatchery  
  27  4:09  Zergling x6  
  30  4:26  Drone  
  30  4:29  Drone  
  32  4:54  Spire  
  31  5:11  Overlord x2  
  31  5:15  Extractor  
  28  5:51  Zerg Ground Armor Level 1  
  28  6:18  Mutalisk x4  
  36  6:40  Extractor  
  36  6:44  Overlord x3  
  30  7:15  Zerg Flyer Armor Level 1  
  29  7:25  Drone x3  
  32  7:32  Drone x2  
  32  7:33  Drone  
  27  8:09  Queen  
  27  8:11  Drone  
  27  8:12  Drone x2  
  32  8:23  Queen  
  34  8:32  Drone x3  
  37  8:38  Drone x2  
  39  9:04  Drone x2  
  39  9:07  Drone x3  
  39  9:09  Zerg Flyer Weapons Level 1  
  44  9:15  Mutalisk x3  
  50  9:21  Mutalisk  
  52  9:25  Mutalisk  
  54  9:47  Drone x3  
  57  9:53  Mutalisk x3  
  63  10:37  Mutalisk x3  
  63  10:38  Mutalisk x2  
  63  10:42  Mutalisk  
  75  11:08  Mutalisk x2  
  43  12:23  Overlord  
  43  12:24  Overlord x6  
  43  12:57  Corruptor x2  
  43  12:58  Corruptor  
  47  13:02  Corruptor x2  
  47  13:03  Corruptor  
  53  13:17  Corruptor  
  53  13:19  Mutalisk  
  55  13:20  Mutalisk x2  
Show
View Real Time Build Order
Export as new Build Order

BUICK Protoss 

Build Orders:  

Get SALT Encoding   

  12  0:11  Pylon  
  12  0:28  Probe  
  12  0:31  Forge  
  13  0:36  Probe  
  14  0:46  Probe  
  15  1:01  Probe  
  15  1:02  Assimilator  
  15  1:09  Probe  
  17  1:21  Pylon  
  17  1:43  Photon Cannon  
  17  1:46  Photon Cannon  
  16  1:58  Pylon  
  16  2:01  Pylon  
  16  2:11  Gateway  
  16  2:12  Gateway  
  16  2:15  Gateway  
  16  2:30  Probe  
  17  2:38  Probe  
  17  2:43  Gateway  
  18  2:48  Probe  
  19  2:59  Pylon  
  19  3:00  Probe  
  19  3:01  Cybernetics Core  
  20  3:08  Probe  
  21  3:26  Pylon  
  21  3:35  Zealot  
  21  3:36  Zealot x2  
  21  3:37  Zealot  
  29  3:42  Warp Gate  
  29  3:49  Photon Cannon  
  29  4:21  Nexus  
  29  4:38  Assimilator  
  29  4:40  Probe  
  30  4:52  Pylon  
  30  4:53  Probe  
  31  5:05  Probe  
  32  5:13  Gateway  
  32  5:17  Gateway, Probe  
  32  5:20  Gateway  
  33  5:29  Pylon, Probe  
  34  5:38  Probe  
  35  5:46  Probe  
  35  5:56  Probe  
  37  6:08  Probe  
  37  6:09  Adept  
  37  6:10  Adept x3  
  37  6:11  Adept  
  48  6:20  Probe  
  49  6:31  Probe  
  49  6:39  Probe  
  51  6:48  Probe  
  51  6:50  Adept x3  
  51  6:51  Adept x3  
  51  6:52  Adept  
  66  7:00  Probe  
  67  7:13  Probe  
  68  7:36  Adept x5  
  68  7:37  Adept x2  
  78  8:13  Adept x4  
  82  8:20  Pylon  
  82  8:24  Pylon  
  82  8:25  Probe  
  82  8:28  Assimilator  
  82  8:33  Probe  
  83  8:40  Adept  
  83  8:41  Adept x4  
  90  8:42  Adept x2  
  90  8:43  Probe  
  99  8:55  Probe  
  100  9:07  Probe  
  101  9:18  Pylon  
  101  9:29  Pylon  
  101  9:31  Pylon  
  101  9:32  Pylon  
  101  9:51  Sentry x5  
  101  9:52  Sentry x2  
  85  10:30  Stalker x3  
  85  10:31  Stalker x4  
  99  10:49  Pylon  
  99  10:53  Nexus  
  99  10:59  Pylon  
  99  11:06  Stalker x2  
  99  11:07  Stalker x4  
  99  11:08  Stalker  
  113  11:17  Assimilator  
  41  12:30  Stalker  
  41  12:31  Stalker x4  
  41  12:32  Stalker x2  
  11  13:13  Stalker x2  
  11  13:14  Stalker x2  
  1  13:38  Stalker x3  
  1  13:39  Stalker  
Show
View Real Time Build Order
Export as new Build Order

Throwfordays Protoss - Winner!

Build Orders: Double Forge, Nexus First 

Get SALT Encoding   

  12  0:01  Probe  
  13  0:13  Probe  
  14  0:25  Probe  
  15  0:48  Nexus  
  15  1:00  Pylon  
  15  1:18  Probe  
  16  1:22  Gateway  
  16  1:27  Gateway  
  16  1:30  Probe  
  17  1:42  Probe  
  18  1:59  Forge  
  18  2:01  Assimilator  
  18  2:04  Probe  
  18  2:05  Pylon  
  19  2:12  Probe  
  19  2:15  Zealot  
  19  2:21  Zealot  
  19  2:22  Probe  
  25  2:32  Photon Cannon  
  25  2:34  Probe  
  26  2:46  Probe  
  27  2:57  Photon Cannon  
  27  3:03  Pylon  
  27  3:06  Photon Cannon x2  
  27  3:20  Cybernetics Core  
  27  3:23  Forge  
  27  3:26  Cybernetics Core  
  27  3:30  Probe  
  27  3:32  Assimilator  
  27  3:33  Probe  
  28  3:41  Probe  
  29  3:42  Probe  
  31  3:49  Probe  
  31  3:52  Warp Gate  
  32  3:59  Probe  
  32  4:00  Probe  
  34  4:08  Probe  
  34  4:12  Probe  
  34  4:16  Probe  
  36  4:21  Nexus  
  36  4:24  Probe  
  38  4:25  Pylon  
  38  4:27  Probe  
  38  4:29  Pylon  
  39  4:39  Probe  
  40  4:48  Photon Cannon  
  40  4:50  Photon Cannon  
  40  4:54  Assimilator  
  40  4:58  Assimilator  
  40  4:59  Photon Cannon  
  40  5:02  Photon Cannon  
  40  5:10  Photon Cannon  
  40  5:14  Photon Cannon  
  40  5:21  Pylon  
  40  5:23  Pylon  
  40  5:26  Probe  
  40  5:27  Pylon  
  41  5:35  Probe  
  41  5:36  Assimilator  
  41  5:38  Probe  
  41  5:39  Assimilator  
  43  5:43  Probe  
  43  5:46  Probe  
  44  5:50  Probe  
  44  5:53  Probe  
  44  5:56  Probe  
  47  6:02  Stalker  
  47  6:04  Stalker  
  52  6:05  Probe  
  52  6:08  Probe  
  54  6:17  Probe  
  55  6:20  Probe x2  
  57  6:29  Probe  
  57  6:32  Probe x2  
  60  6:33  Stargate  
  60  6:36  Stargate  
  60  6:38  Stargate  
  60  6:39  Protoss Air Weapons Level 1, Probe  
  60  6:40  Protoss Air Armor Level 1  
  60  6:44  Probe x2  
  63  6:47  Probe  
  63  6:53  Stalker x2  
  68  6:56  Probe x2  
  70  7:08  Probe x2  
  70  7:11  Protoss Shields Level 1  
  72  7:20  Fleet Beacon, Probe  
  73  7:33  Probe  
  73  7:36  Pylon  
  74  7:39  Pylon  
  74  7:45  Probe  
  74  7:46  Stalker  
  74  7:47  Stalker  
  79  7:57  Probe  
  80  8:10  Photon Cannon  
  80  8:13  Photon Cannon  
  80  8:17  Photon Cannon  
  80  8:19  Stargate  
  80  8:20  Photon Cannon, Stargate  
  80  8:23  Protoss Ground Weapons Level 1  
  80  8:24  Stargate  
  80  8:32  Probe  
  81  8:40  Twilight Council  
  81  8:58  Void Ray x2  
  89  9:07  Pylon  
  89  9:08  Nexus  
  89  9:12  Pylon  
  89  9:13  Void Ray  
  89  9:15  Void Ray  
  97  9:28  Pylon  
  97  9:30  Pylon  
  97  9:32  Pylon  
  97  9:33  Pylon  
  97  9:35  Pylon  
  97  9:36  Pylon  
  97  9:43  Photon Cannon  
  97  9:47  Photon Cannon  
  97  9:50  Photon Cannon  
  97  9:51  Void Ray x3  
  97  9:52  Photon Cannon, Void Ray  
  109  9:56  Photon Cannon  
  113  10:00  Photon Cannon  
  113  10:30  Probe  
  113  10:33  Probe  
  115  10:38  Assimilator  
  115  10:42  Probe  
  116  10:43  Assimilator  
  116  10:46  Void Ray x3, Probe  
  116  10:47  Void Ray x3  
  141  10:50  Protoss Air Weapons Level 2  
  141  10:54  Probe  
  142  10:58  Probe  
  142  11:00  Protoss Shields Level 2  
  143  11:06  Probe, Protoss Air Armor Level 2  
  143  11:10  Probe  
  145  11:19  Probe  
  145  11:22  Probe  
  147  11:41  Void Ray  
  147  11:42  Void Ray  
  155  11:48  Void Ray  
  159  11:57  Void Ray  
  163  12:30  Void Ray x4  
  163  12:31  Void Ray  
Show
View Real Time Build Order
Export as new Build Order

Cthulhu Terran - Winner!

Build Orders:  

Get SALT Encoding   

  12  0:01  SCV  
  13  0:13  SCV  
  14  0:24  Supply Depot  
  14  0:25  SCV  
  15  0:44  Refinery  
  15  0:46  SCV  
  15  0:49  Barracks  
  16  0:58  SCV  
  18  1:11  SCV  
  18  1:38  Marine  
  19  2:01  Command Center  
  19  2:04  Marine  
  20  2:10  Orbital Command  
  20  2:14  Refinery  
  20  2:15  Factory  
  20  2:28  Marine  
  21  2:41  SCV  
  22  2:46  Refinery  
  22  3:07  SCV  
  22  3:12  Marine, Command Center  
  23  3:14  Supply Depot  
  23  3:16  Armory  
  24  3:25  Orbital Command  
  24  3:38  Factory Reactor, Starport  
  24  3:44  SCV  
  25  3:57  Marine, SCV x2  
  28  4:22  Starport  
  28  4:24  Factory Reactor  
  28  4:28  Viking  
  28  4:30  Orbital Command  
  30  4:32  Refinery, SCV  
  30  4:34  SCV  
  32  4:49  SCV  
  32  4:50  SCV  
  34  4:54  Liberator  
  37  5:01  Hellion x2  
  37  5:05  SCV  
  42  5:10  SCV x2  
  44  5:23  SCV x3, Engineering Bay  
  47  5:30  Hellion  
  49  5:47  Liberator, Starport Tech Lab  
  49  5:48  Liberator  
  57  5:50  Hellion  
  57  5:51  Hellion  
  57  5:55  SCV x2  
  61  5:59  Factory  
  61  6:19  Sensor Tower  
  61  6:28  Refinery, SCV x3  
  61  6:29  Supply Depot x2  
  61  6:31  Terran Vehicle And Ship Armor Level 1  
  64  6:36  Hellion x2  
  68  6:40  SCV  
  69  6:52  Supply Depot  
  69  7:15  Raven  
  69  7:16  Liberator x2  
  69  7:20  Factory Tech Lab  
  68  7:54  Marine  
  68  7:56  Hellion  
  68  7:57  Hellion  
  73  8:00  Hellion  
  71  8:12  Marine  
  66  8:19  SCV x3  
  69  8:29  Raven  
  69  8:30  Viking  
  69  8:31  Viking, SCV  
  69  8:32  Hellion x2  
  69  8:33  Thor  
  86  8:39  Factory  
  86  8:41  Infernal Pre-Igniter  
  86  8:42  Command Center  
  86  8:57  SCV x3  
  86  9:00  Supply Depot x2  
  89  9:07  Terran Vehicle Weapons Level 1  
  89  9:15  Raven  
  91  9:21  Liberator  
  91  9:22  Refinery  
  94  9:35  Sensor Tower  
  94  9:39  Supply Depot  
  94  9:40  Supply Depot  
  93  9:46  Hellion x2  
  93  9:47  Hellion  
  99  10:08  Hellion  
  86  10:32  Hellion  
  86  10:34  Hellion x2  
  92  10:36  Liberator  
  92  10:37  Viking  
  92  10:38  Raven  
  99  10:54  Hellion  
  99  10:55  Hellion  
  103  11:10  SCV  
  103  11:11  SCV x2  
  106  11:23  SCV x2  
  108  11:27  Sensor Tower  
  108  11:42  SCV  
  108  11:43  SCV x2  
  111  11:54  SCV  
  111  11:55  SCV x2  
  111  11:59  Marine  
  106  12:17  Marine  
  105  12:34  Hellion x3  
  105  12:35  Marine  
  105  12:36  Raven, Liberator x2  
  120  12:55  Hellion  
Tags
 
Add a new tag
Caveats
  • Supply blocks, unpowered buildings, or Contaminate may cause inaccurate times.
  • Supply counts are checked every 10 seconds.